 Dungeon Crawl Stone Soup version 0.28.0-53-g5a82cb258f (webtiles) character file.

Game seed: 14296079761335491454

41 stumblerator577 the Vexing (level 3, 0/26 HPs)
             Began as a Formicid Arcane Marksman on Aug 3, 2022.
             Slain by an adder (2 damage)
             ... on level 2 of the Dungeon.
             The game lasted 00:17:22 (1590 turns).

stumblerator577 the Vexing (FoAM)                   Turns: 1590, Time: 00:17:22

Health: 0/26       AC:  2    Str: 14    XL:     3   Next: 75%
Magic:  4/4        EV: 12    Int: 12    God:
Gold:   5          SH:  0    Dex: 13    Spells: 0/4 levels left

rFire   . . .      SeeInvis +   j - +0 flail
rCold   . . .      Faith    .   (no shield)
rNeg    . . .      Spirit   .   d - +0 robe
rPois   .          Reflect  .   (helmet unavailable)
rElec   .          Harm     .   (no cloak)
rCorr   .          Rampage  .   (no gloves)
Will    .....                   (no boots)
Stlth   +.........              (no amulet)
HPRegen 0.08/turn               (no ring)
MPRegen 0.09/turn               (no ring)

@: no status effects
A: permanent stasis, dig shafts and tunnels, antennae 3, four strong arms
a: Dig, Shaft Self


You were on level 2 of the Dungeon.
You visited 1 branch of the dungeon, and saw 2 of its levels.

You collected 5 gold pieces.

Inventory:

Hand Weapons
 a - a +0 hand crossbow
 j - a +0 flail (weapon)
Missiles
 c - 9 bolts
Armour
 d - a +0 robe (worn)
Jewellery
 g - an amulet of guardian spirit
Potions
 f - a potion of resistance {unknown}


   Skills:
 + Level 1.3 Fighting
 + Level 0.4 Short Blades
 + Level 3.0 Crossbows
 + Level 1.8 Dodging
 + Level 1.1 Spellcasting
 + Level 4.2 Hexes


You couldn't memorise any spells.
You knew the following spells:

 Your Spells              Type           Power      Damage    Failure   Level
a - Slow                  Hex            40%        N/A       5%          1
b - Portal Projectile     Hex/Tloc       10%        N/A       36%         3

Your spell library contained the following spells:

 Spells                   Type           Power      Damage    Failure   Level
 Inner Flame              Hex/Fire       5%         N/A       36%         3
 Cause Fear               Hex            5%         N/A       45%         4


Dungeon Overview and Level Annotations

Branches:
Dungeon (2/15)

Altars:


Innate Abilities, Weirdness & Mutations

You cannot be hasted, slowed, berserked, paralysed or teleported.
You can dig through walls and to a lower floor.
You have a pair of large antennae on your head. (SInv)
Your four strong arms can wield two-handed weapons with a shield.


Message History

Press: ? - help, Q - select action, (/) - cycle Shift-Dir - straight line, f/p - adder
Aim: an adder (slow, 44% to hit)
You shoot a bolt. The bolt hits the adder.
The adder is lightly wounded.
The adder bites you. The adder bites you.
Fire: 10 bolts
Press: ? - help, Q - select action, (/) - cycle Shift-Dir - straight line, f/p - adder
Aim: an adder (lightly wounded, slow, 44% to hit)
You shoot a bolt. The bolt closely misses the adder.
The adder barely misses you.
j - a +0 flail (weapon)
You miss the adder. Your punch misses the adder.
The adder is lightly wounded.
The adder closely misses you. x2
You miss the adder.
The adder is lightly wounded.
The adder bites you.
You are poisoned.
The adder poisons you!
You miss the adder.
The adder is lightly wounded.
You feel sick. The adder misses you.
You closely miss the adder.
The adder is lightly wounded.
You feel sick.
The adder is no longer moving slowly.
The adder bites you.
You barely miss the adder.
The adder is lightly wounded.
You feel sick. The adder misses you. The adder closely misses you.
You feel sick. The adder closely misses you.
You barely miss the adder.
The adder is lightly wounded.
You feel sick.
You are no longer poisoned.
The adder bites you.
* * * LOW HITPOINT WARNING * * *
You miss the adder.
The adder is lightly wounded.
The adder bites you.
You die...

### #<# #.#
#.#
###.#######
#((.......(
#.#.#######
#S#...
#@###.#
#.....#
#######


You could see an adder.

Vanquished Creatures
  A gnoll (D:1)
  A dart slug (D:1)
  3 endoplasms (D:1)
  2 giant cockroaches (D:1)
  2 goblins (D:1)
  2 hobgoblins (D:1)
  A quokka (D:1)
  2 ball pythons (D:1)
  5 bats (D:1)
  7 frilled lizards (D:1)
  3 kobolds (D:1)
  A rat (D:1)
30 creatures vanquished.

Vanquished Creatures (others)
  5 plants (D:1)
5 creatures vanquished.

Grand Total: 35 creatures vanquished

Notes
Turn   | Place    | Note
-------+----------+-------------------------------------------
     0 | D:1      | stumblerator577 the Formicid Arcane Marksman began the
                  | quest for the Orb.
     0 | D:1      | Reached XP level 1. HP: 15/15 MP: 2/2
   244 | D:1      | Reached skill level 4 in Hexes
   378 | D:1      | Reached XP level 2. HP: 21/21 MP: 3/3
  1020 | D:1      | Reached XP level 3. HP: 25/26 MP: 2/4
  1355 | D:1      | Learned a level 3 spell: Portal Projectile
  1590 | D:2      | Slain by an adder

Illustrated notes

Levels and vault maps discovered:
D:1:      dpeg_arrival_leaves_temple_mockup, layout_loops_corners,
          minmay_lizard_king
D:2:      layout_basic, serial_shops, nicolae_shop_behind_doors,
          uniq_crazy_yiuf_cottage, uniq_jessica

Skill      XL: |  1  2  3 |
---------------+----------+-----
Hexes          | 4 |  4.2
Crossbows      | 3 |  3.0
Fighting       | |  1.3
Short Blades   | |  0.4
Dodging        | |  1.8
Spellcasting   | |  1.1

Action                   || total
-------------------------++-------
Melee: Short sword       ||    19
       Punch             ||     1
       Flail             ||     7
 Fire: Hand crossbow     ||    58
 Cast: Slow              ||    13
  Use: Scroll            ||     3
Armor: Robe              ||    16
Dodge: Dodged            ||    55
